[Event "CCT Chesscom Classic-D2 2024"]
[Site "Online"]
[Date "2024.05.12"]
[Round "52"]
[White "Caruana, Fabiano"]
[Black "Esipenko, Andrey"]
[Result "1/2-1/2"]
[ECO "C55"]
[WhiteElo "2805"]
[BlackElo "2704"]
[Annotator "TA"]
[PlyCount "68"]
[EventDate "2024.05.08"]
[EventType "k.o."]
[EventCountry "NET"]
[SourceTitle "playchess.com"]
[Source "ChessBase"]
[SourceQuality "1"]
[TimeControl "600+2"]

1. e4 e5 2. Nf3 Nc6 3. Bc4 Nf6 4. d3 Be7 5. Nc3 O-O 6. a3 {[%emt 0:00:02] C55: Two Knights: 4 d3, 4 d4 exd4 5 e5 and Max Lange Attack.} d6 7. Bd2 Bg4 8. h3 Bxf3 9. Qxf3 Nd4 {[%emt 0:00:00] Inhibits Ne2.} 10. Qd1 c6 11. Ba2 $146 ({Predecessor:} 11. O-O d5 12. Ba2 Qd6 13. Bg5 dxe4 14. dxe4 Rad8 15. Re1 Qc7 16. Qc1 Rd7 17. b4 {½-½ Ksana,V (2127)-Haman,J (2010) CZE-chT2B 1011 2010 (4.5)}) 11... Qc7 12. O-O Rad8 13. Ne2 Ne6 14. Ng3 Rfe8 15. Nf5 Bf8 16. Qf3 d5 17. Rad1 g6 18. Nh6+ Kg7 19. c3 dxe4 20. dxe4 Rxd2 $1 21. Rxd2 {[%emt 0:00:03] And now Ng4 would win.} Ng5 22. Qe3 $1 Nfxe4 {[%emt 0:00:03] White must now prevent ...Bc5.} (22... Kxh6 $2 23. h4 (23. Qxa7 $2 Ngxe4 24. Rdd1 Kg7 $19) 23... Nfxe4 24. hxg5+ Nxg5 25. f4 $18 (25. Qxa7 e4 $11)) 23. Rd3 (23. Nxf7 $1 $11 {remains equal.} Bc5 24. Qxg5 Nxg5 25. Nxg5) 23... Bc5 $17 (23... Kxh6 24. h4 f5 25. hxg5+ Nxg5 26. Qd2 $16 (26. Qxa7 e4 $17) (26. f4 Ne4 $17)) 24. Qc1 Nxf2 (24... f5 $17 {[%cal Oe8f8] aiming for ...Rf8!} 25. h4 Ne6 (25... Kxh6 26. hxg5+ Kg7 27. b4 $11)) 25. Rxf2 $11 Ne4 {[%emt 0:00:03] [#]} ({Much worse is} 25... Kxh6 $6 26. h4 Kg7 (26... Bxf2+ 27. Kxf2 Kg7 28. Qxg5 $16) 27. Qxg5 $18) (25... Bxf2+ $6 26. Kxf2 Kxh6 27. h4 $18) (25... Qe7 $1 $11) 26. Ng4 $2 Nxf2 $17 27. Qh6+ (27. Nxf2 $2 {loses.} e4 28. Qe1 e3 $19 (28... Bxf2+ 29. Kxf2 exd3 30. Qxe8 $11)) 27... Kh8 28. Nxf2 e4 29. Re3 f5 ({Black should play} 29... Bxe3 $17 30. Qxe3 f5) 30. b4 $2 Bf8 (30... Bxe3 $17 31. Qxe3 Qd6) 31. Qg5 Be7 32. Qh6 $1 Bf8 33. Qg5 Be7 34. Qh6 $1 Bf8 1/2-1/2

[Event "CCT Chesscom Classic-D2 2024"]
[Site "Online"]
[Date "2024.05.12"]
[Round "52"]
[White "So, Wesley"]
[Black "Kollars, Dmitrij"]
[Result "1/2-1/2"]
[ECO "D35"]
[WhiteElo "2757"]
[BlackElo "2648"]
[Annotator "TA"]
[PlyCount "66"]
[EventDate "2024.05.08"]
[EventType "k.o."]
[EventCountry "NET"]
[SourceTitle "playchess.com"]
[Source "ChessBase"]
[SourceQuality "1"]
[TimeControl "600+2"]

1. d4 d5 2. c4 e6 3. Nc3 Nf6 4. cxd5 exd5 5. Bg5 Be7 6. e3 h6 7. Bh4 Bg4 8. f3 Be6 9. Bd3 c5 10. Nge2 Nc6 11. O-O O-O 12. Rc1 Rc8 13. Kh1 Re8 (13... cxd4 $11 14. exd4 Re8) 14. dxc5 (14. Nf4 $14) 14... Bxc5 $11 15. e4 g5 16. exd5 Nxd5 (16... Bxd5 $5 17. Bf2 Bxf2 18. Rxf2 Qb6 $11) 17. Nxd5 {[%emt 0:00:11] The position is equal.} Qxd5 18. Nc3 $1 Qd8 19. Bg3 Nb4 {[%emt 0:01:28] Prevents Qc2} 20. Be4 Qxd1 (20... Nxa2 21. Qxd8 Rcxd8 (21... Rexd8 $2 {loses.} 22. Nxa2 Bxa2 23. Bxb7 $18) 22. Nxa2 $18) 21. Rfxd1 Nxa2 22. Nxa2 Bxa2 23. Bxb7 Rcd8 24. h4 {[%emt 0:00:43] [#] Hoping for Rxd8.} Be3 25. Rxd8 Rxd8 26. Re1 Bd4 27. b4 Bc3 28. Re2 Bd5 29. Bxd5 Rxd5 30. Ra2 a5 31. bxa5 Rxa5 32. Rxa5 Bxa5 33. hxg5 hxg5 {[%emt 0:00:00] Weighted Error Value: White=0.08 (flawless) /Black=0.07 (flawless) .  Mistake:       	White=1     	Black=1      Inaccurate:     	White=1     	---        OK:         	White=10    	Black=6      Strong:       	White=1     	---} 1/2-1/2

[Event "CCT Chesscom Classic-D2 2024"]
[Site "Online"]
[Date "2024.05.12"]
[Round "52"]
[White "Vidit, Santosh Gujrathi"]
[Black "Martinez Alcantara, Jose Eduardo"]
[Result "1-0"]
[ECO "A44"]
[WhiteElo "2722"]
[BlackElo "2612"]
[Annotator "TA"]
[PlyCount "91"]
[EventDate "2024.05.08"]
[EventType "k.o."]
[EventCountry "NET"]
[SourceTitle "playchess.com"]
[Source "ChessBase"]
[SourceQuality "1"]
[TimeControl "600+2"]

1. d4 c5 2. d5 e5 3. e4 d6 4. Nc3 g6 5. Bb5+ Nd7 6. a4 {[%emt 0:00:01] A44: Semi-Benoni.} a6 7. Be2 Bh6 8. Bxh6 Nxh6 9. Qd2 Ng8 10. Nf3 $146 ({Predecessor:} 10. h4 h6 11. g4 Ngf6 12. a5 b5 13. axb6 Qxb6 14. b3 Qb4 15. Ra4 Qb7 16. Nf3 {½-½ Beletsky,A (2343)-Akselrod,V (2428) Izmailov Memorial op 10th 2006 (4)}) 10... Qe7 11. O-O Ngf6 12. Qh6 Nh5 13. g3 Ndf6 14. Nd2 Bh3 15. Rfe1 Ng8 16. Qe3 Ngf6 17. Nc4 O-O 18. Qg5 Kh8 (18... Nxd5 $16 19. Qxe7 Nxe7) 19. Qh4 Bd7 20. Nb6 (20. f4 $18 {is more deadly. Hoping for Bxh5.} Rg8 21. Bxh5 gxh5 22. fxe5 dxe5 23. d6) 20... Rad8 ({Black should try} 20... h6) 21. Nxd7 (21. Bxh5 $16 gxh5 22. f3) 21... Rxd7 $14 22. a5 Ng7 23. Bf1 Ng8 24. Qxe7 Rxe7 25. Na4 f5 26. f3 h5 27. Nb6 f4 28. Be2 fxg3 29. hxg3 Nh6 30. Nc4 Rf6 31. Kg2 Kg8 32. Rh1 g5 33. Rab1 Rg6 (33... Rc7 $16 34. c3 Rd7) 34. b4 $18 cxb4 35. Rxb4 h4 36. gxh4 gxh4+ 37. Kf2 Nh5 38. Rxh4 Nf4 39. Bf1 Rc7 40. Ne3 Nf7 41. Rc4 Rxc4 42. Nxc4 ({Much less strong is} 42. Bxc4 Kg7 43. Bd3 Kf6 $18) 42... Kf8 43. Ne3 Ke7 44. Nf5+ Kf6 45. Rh7 Rg5 $2 (45... Rg8 $16 46. Ne3 Kg6) 46. c4 1-0

[Event "CCT Chesscom Classic-D2 2024"]
[Site "Online"]
[Date "2024.05.12"]
[Round "52"]
[White "Esipenko, Andrey"]
[Black "Caruana, Fabiano"]
[Result "1/2-1/2"]
[ECO "C50"]
[WhiteElo "2704"]
[BlackElo "2805"]
[Annotator "TA"]
[PlyCount "67"]
[EventDate "2024.05.08"]
[EventType "k.o."]
[EventCountry "NET"]
[SourceTitle "playchess.com"]
[Source "ChessBase"]
[SourceQuality "1"]
[TimeControl "600+2"]

1. e4 e5 2. Nf3 Nc6 3. Bc4 Nf6 4. d3 Bc5 5. h3 d6 6. a3 a5 7. Be3 O-O 8. Bxc5 dxc5 9. Nc3 Be6 10. Bb5 Nd4 11. Nxe5 Qd6 12. Nc4 Qf4 13. Ne3 $1 Rad8 14. a4 (14. Bc4 $14) 14... c6 15. Bc4 b5 16. axb5 $16 (16. Bxe6 {feels hotter.} fxe6 17. O-O c4 18. Ne2) 16... cxb5 17. Bxb5 Nxb5 18. Nxb5 Qb8 19. Rxa5 {[%emt 0:00:57] Threatens to win with Nc3.} Nxe4 20. O-O ({White should try} 20. Qc1 $18 Nf6 21. O-O) 20... c4 21. d4 (21. Nxc4 Bxc4 22. Na3 Be6 $19) 21... Qb6 {[%emt 0:00:12] [#]} 22. Qa1 h6 23. Qa3 Rfe8 24. Nc3 (24. Re1 $142) 24... Nd2 (24... Rxd4 $142 25. Ra8 Rb8 26. Rxb8+ Qxb8) 25. Rd1 Rxd4 26. Qc5 Qd8 {[%emt 0:00:41] [#]} 27. Ncd5 ({Better is} 27. Rda1 $1 $16 {[%cal Oa5a8] aiming for Ra8!} Ne4 28. Nxe4 Rxe4 29. f3) 27... Qh4 $14 {[%emt 0:00:03][%cal Oe6h3] And now ...Bxh3! would win.} 28. Nc7 {[%emt 0:00:37] Excellent horsemanship.} (28. f4 {gets mated.} Nf3+ 29. gxf3 Rxd1+ (29... Qg3+ {is a self mate.} 30. Kh1 Rxd1+ 31. Nxd1 Bxd5 32. Qf8+ Kxf8 33. Ne3 Bxf3+ 34. Ng2 Qxg2#) 30. Nxd1 Qg3+ (30... Qxh3 $2 {perishes.} 31. Qf2 $18) 31. Kh1 Bxd5 (31... Bxh3 32. N1e3 $11) (31... Bxh3 32. N1e3 $11)) 28... Rc8 29. Nxe6 (29. Qe5 $5 Re4 30. Qc3 Rxc7 31. Rxd2 $16) 29... Rxc5 {[%emt 0:00:08] The position is equal.} 30. Ra8+ Kh7 31. Nf8+ Kg8 32. Ne6+ Kh7 33. Nf8+ Kg8 34. Ne6+ {[%emt 0:00:03] Weighted Error Value: White=0.17 (very precise) /Black=0.15 (very precise) .  Mistake:       	White=4     	Black=2      Inaccurate:     	White=1     	Black=5      OK:         	White=16    	Black=8      Best:        	White=1     	Black=7      Strong:       	White=1     	---} 1/2-1/2

[Event "CCT Chesscom Classic-D2 2024"]
[Site "Online"]
[Date "2024.05.12"]
[Round "52"]
[White "Sevian, Samuel"]
[Black "Hakobyan, Aram"]
[Result "1-0"]
[ECO "D27"]
[WhiteElo "2699"]
[BlackElo "2617"]
[Annotator "TA"]
[PlyCount "47"]
[EventDate "2024.05.08"]
[EventType "k.o."]
[EventCountry "NET"]
[SourceTitle "playchess.com"]
[Source "ChessBase"]
[SourceQuality "1"]
[TimeControl "600+2"]

1. d4 d5 2. c4 dxc4 3. e3 Nf6 4. Bxc4 e6 5. Nf3 a6 6. O-O c5 7. Be2 cxd4 8. Nxd4 Bd6 9. b3 {[%emt 0:00:08] The position is equal.} O-O 10. Bb2 b5 (10... Qc7 $11) 11. a4 $14 bxa4 12. Rxa4 Bb7 13. Bf3 Bxf3 14. Qxf3 Nbd7 $1 15. Nd2 {[%emt 0:00:01] Black must now prevent Nc4.} Nc5 $2 {[%emt 0:00:32][%mdl 8192] [#] A mistake that costs the game.} (15... Re8 $14) 16. Nc6 $1 $18 {[%emt 0:00:40] White is clearly winning.} Qc7 {[%emt 0:03:05] [#]} (16... Qd7 $142 17. Qxf6 e5 (17... Bxh2+ $2 18. Kxh2 e5 19. Ne7+ $18)) 17. Qxf6 $3 e5 18. Rg4 $1 Ne6 19. Bxe5 Bxe5 20. Nxe5 {[%emt 0:00:02] Excellent horsemanship.} h5 21. Rg3 Rad8 22. Ndc4 Rd5 23. h4 Rfd8 24. Qf5 {[%emt 0:00:09] Weighted Error Value: White=0.88/Black=0.66.  Loses game:     	---       	Black=1      Mistake:       	---       	Black=2      Inaccurate:     	White=1     	---        OK:         	White=2     	Black=6      Best:        	---       	Black=1      Strong:       	White=1     	Black=1      Brilliant:      	White=1     	---} 1-0

[Event "CCT Chesscom Classic-D2 2024"]
[Site "Online"]
[Date "2024.05.12"]
[Round "52"]
[White "Kollars, Dmitrij"]
[Black "So, Wesley"]
[Result "1/2-1/2"]
[ECO "C54"]
[WhiteElo "2648"]
[BlackElo "2757"]
[Annotator "RC"]
[PlyCount "208"]
[EventDate "2024.05.08"]
[EventType "k.o."]
[EventCountry "NET"]
[SourceTitle "playchess.com"]
[Source "ChessBase"]
[SourceQuality "1"]
[TimeControl "600+2"]

1. e4 e5 2. Nf3 Nc6 3. Bc4 Bc5 4. c3 Nf6 5. d4 exd4 6. e5 d5 7. Be2 Ne4 8. cxd4 Bb4+ 9. Nbd2 O-O 10. O-O f6 11. exf6 Nxf6 12. Nb3 Ne4 13. Be3 Bd6 14. Rc1 Ne7 15. Nc5 Nxc5 16. dxc5 Bf4 17. Bxf4 Rxf4 18. Qd2 Rf6 19. Rfe1 Bg4 20. Nd4 Bxe2 21. Rxe2 Qd7 22. Rce1 Nc6 23. f3 h6 24. b4 Nxd4 25. Qxd4 Rf7 26. Re6 Raf8 27. c6 bxc6 28. Qxa7 d4 29. R6e4 Rd8 30. Rd1 d3 31. Qc5 Rf5 32. Qc4+ Kh7 33. a4 Rd5 34. a5 Rd4 35. Rxd4 Qxd4+ 36. Qxd4 Rxd4 37. Kf2 Rxb4 38. Ra1 c5 39. a6 Rb8 40. Ke3 c4 41. Kd4 d2 42. Kc3 d1=Q 43. Rxd1 Rb3+ 44. Kxc4 Ra3 45. Rd2 Rxa6 46. Rb2 h5 47. Kd4 Rd6+ 48. Ke5 g6 49. Rc2 Rd7 50. h4 Kh6 51. Kf4 Rf7+ 52. Kg3 Rd7 53. Rc6 Rf7 54. Kh3 Rd7 55. Kh2 Re7 56. Kg1 Rd7 57. Kf2 Rd2+ 58. Kg3 Rd7 59. Kh3 Rf7 60. Kh2 Kg7 61. Rc3 Kh6 62. g3 Kg7 63. Kg2 Rd7 64. Rc6 Kh6 65. g4 hxg4 66. fxg4 Kg7 67. Kg3 Rf7 68. Rc5 Kh7 69. Rc4 Kg7 70. Rc6 Kh7 71. g5 Kg7 72. Rc4 Kh7 73. Rc5 Kg7 74. Rc6 Re7 75. Kf4 Kh7 76. Rc5 Kg7 77. Rc4 Kh7 78. Kf3 Kg7 79. Rc6 Kh7 80. Kf4 Kg7 81. Rc5 Kh7 82. Re5 Rd7 83. Ke4 Kg7 84. Re6 Rf7 85. Rc6 Re7+ 86. Kd5 Rf7 87. Ke6 Kg8 88. Rc4 Kg7 89. Rd4 c5 90. Rc4 Rf5 91. Ra4 Rf7 92. Rc4 Rf5 93. Kd6 Kf7 94. Re4 Kg7 95. Ra4 Kf7 96. Ra7+ Kg8 97. Ke6 Rf4 98. Rc7 c4 99. Ke5 Rxh4 100. Kf6 Rd4 101. Rc8+ Kh7 102. Rc7+ Kg8 103. Rc6 Kh7 104. Rc7+ Kg8 1/2-1/2

[Event "CCT Chesscom Classic-D2 2024"]
[Site "Online"]
[Date "2024.05.12"]
[Round "52"]
[White "Hakobyan, Aram"]
[Black "Sevian, Samuel"]
[Result "0-1"]
[ECO "C83"]
[WhiteElo "2617"]
[BlackElo "2699"]
[Annotator "TA"]
[PlyCount "88"]
[EventDate "2024.05.08"]
[EventType "k.o."]
[EventCountry "NET"]
[SourceTitle "playchess.com"]
[Source "ChessBase"]
[SourceQuality "1"]
[TimeControl "600+2"]

1. e4 e5 2. Nf3 Nc6 3. Bb5 a6 4. Ba4 Nf6 5. O-O Nxe4 6. d4 b5 7. Bb3 d5 8. dxe5 Be6 9. Nbd2 Be7 10. c3 O-O 11. Bc2 f5 12. exf6 Nxf6 13. Re1 Bg4 14. h3 Bh5 15. Nf1 {[%emt 0:00:01][%cal Bd2f1,Bf1g3,Bg3f5][%mdl 32] The position is equal.} Bc5 $1 16. Ng3 {[%emt 0:00:04] Prevents Ne4.} (16. Be3 {simplifies} d4 17. Bg5 dxc3 18. bxc3 Qxd1 19. Raxd1 Bxf3 20. gxf3 h6 21. Bh4) 16... Bxf3 17. gxf3 (17. Qxf3 $2 Ne4 18. Nxe4 Rxf3 19. Nxc5 Rf8 $19) 17... Qd6 18. Kg2 Rad8 19. b4 {[%emt 0:00:49][%cal Og3f5] Hoping for Nf5!} Bb6 20. Bg5 h6 21. Nf5 Qd7 22. Bh4 {[%emt 0:00:07] [#]} (22. Bxf6 $11 {remains equal.} Rxf6 23. Qd3) 22... Nh5 $1 $17 23. Qb1 (23. Bxd8 $2 Nf4+ 24. Kf1 Rxf5 $19) 23... Rde8 (23... Nf4+ 24. Kh1 g5 25. Rg1) (23... d4 $19 24. Bg3 (24. Bxd8 $2 d3 $19) 24... d3 (24... dxc3 25. Bb3+ Kh8 26. Nh4 $16) 25. Bb3+ Kh8) 24. Rxe8 $2 (24. Bg3 $1 $15) 24... Rxe8 25. Kh1 Rf8 {[%emt 0:01:55] aiming for ...Kh8.} 26. a4 Kh8 {[%emt 0:01:34] Black is more active.} 27. axb5 axb5 28. Qg1 {[%emt 0:01:12] [#]} Ne5 $36 {[%emt 0:00:38][%cal Oh5f4][%mdl 2048] Inhibits Qg6. White is under strong pressure.} (28... Rxf5 $2 29. Qg6 Nf4 30. Ra8+ $18 (30. Qxf5 Qxf5 31. Ra8+ Kh7 $18) (30. Bxf5 Nxg6 31. Bxd7 Nxh4 $18) (30. Qxf5 Qxf5 31. Ra8+ Kh7 $18) (30. Bxf5 Nxg6 31. Bxd7 Nxh4 $18)) 29. f4 $2 Nxf4 $19 30. Bg3 (30. Qg3 {is a better defense.} g5 (30... Rxf5 $2 31. Qxf4 g5 32. Bxf5 $18) 31. Bxg5 hxg5 32. Qxg5) 30... Ned3 (30... Rxf5 $2 31. Ra8+ (31. Bxf4 Rf8 $17) 31... Kh7 32. Bxf4 $18) (30... Nxh3 31. Qg2 Nxf2+ (31... Rxf5 $2 32. Ra8+ Kh7 33. Qxh3 $18) 32. Bxf2 $16) 31. Bxf4 Qxf5 (31... Nxf4 32. Qg4 g5 33. Re1 Bxf2 34. Rf1 $19) 32. Bxd3 Qxd3 ({Less strong is} 32... Qxf4 33. Qg6 Qf3+ (33... Bxf2 34. Qh7#) 34. Kh2 Qxf2+ (34... Bxf2 35. Qh7#) 35. Kh1 Qf3+ 36. Kh2 Qf4+ 37. Kg2 Qf3+ (37... Qf2+ 38. Kh1 $11) 38. Kh2 Qf4+ 39. Kh1 $11) 33. Bg3 Qxc3 {[%emt 0:00:03][%cal Ob6f2] Threatens to win with ...Bxf2!} 34. Qd1 (34. Qe1 $142 Qf3+ 35. Kh2) 34... Bxf2 35. Bh2 Bb6 {[%emt 0:00:12] ( -> ...Rf2)} 36. Rc1 Qxh3 37. Qe2 Qf3+ (37... Rf2 $142 38. Qxf2 Bxf2 39. Rg1 Qf3+ (39... Bxg1 {leads to mate.} 40. Kxg1 Qe3+ 41. Kg2 d4 42. Bxc7 d3 43. Bb6 Qe2+ 44. Kh3 d2 45. Bd4 d1=Q 46. Bxg7+ Kxg7 47. Kg3 Qg4+ 48. Kh2 Qdg1#) 40. Rg2 d4 (40... Qd1+ $2 41. Bg1 $19) 41. Bg1 d3 42. Bxf2 d2 43. Kh2 Qh5+ (43... d1=R 44. Bh4 Qh5 45. Kh3 Rd4 46. Rxg7 Kxg7 47. Kg3 Qg4+ 48. Kf2 Rd2+ 49. Ke3 Re2+ 50. Kd3 Qc4#) 44. Kg3 d1=Q 45. Rh2 Qhg4#) 38. Qxf3 Rxf3 39. Bxc7 Bxc7 40. Rxc7 {[%emt 0:00:01] KR-KR} Rf4 41. Rb7 Rxb4 42. Kg2 Rb3 43. Kf2 Kh7 44. Rxb5 Rxb5 {[%emt 0:00:01] Weighted Error Value: White=1.02/Black=0.52.  Loses game:     	White=2     	---        Mistake:       	White=2     	Black=1      OK:         	White=9     	Black=8      Best:        	White=1     	Black=2      Strong:       	---       	Black=2} 0-1

[Event "CCT Chesscom Classic-D2 2024"]
[Site "Online"]
[Date "2024.05.12"]
[Round "52"]
[White "Martinez Alcantara, Jose Eduardo"]
[Black "Vidit, Santosh Gujrathi"]
[Result "0-1"]
[ECO "C28"]
[WhiteElo "2612"]
[BlackElo "2722"]
[Annotator "TA"]
[PlyCount "98"]
[EventDate "2024.05.08"]
[EventType "k.o."]
[EventCountry "NET"]
[SourceTitle "playchess.com"]
[Source "ChessBase"]
[SourceQuality "1"]
[TimeControl "600+2"]

1. e4 e5 2. Bc4 Nf6 3. d3 Nc6 4. Nc3 Bb4 5. Nge2 d5 6. exd5 Nxd5 7. O-O Be6 8. Bxd5 Bxd5 9. f4 f6 10. f5 (10. fxe5 $11 Nxe5 11. d4) 10... Bxc3 11. bxc3 {[%emt 0:00:03] Black is slightly better.} Qd7 12. Ng3 O-O-O 13. Be3 Ne7 14. Qe2 b6 15. a4 h5 16. a5 (16. h4 $17 {might work better.}) 16... h4 $19 17. Ne4 Nxf5 18. axb6 axb6 (18... cxb6 19. Bf2 $15) 19. Ra7 (19. Bxb6 $142 cxb6 20. Rfb1) 19... Nxe3 $1 20. Qxe3 h3 {[%emt 0:00:14] Hoping for ...Kb8.} 21. g3 Bc6 22. c4 Qd4 ({Black should try} 22... f5 $19 23. Ng5 Kb8) 23. Qxd4 $17 Rxd4 24. Nf2 Rdd8 25. Re1 Kd7 26. Kf1 Ra8 27. Rxa8 Rxa8 {[%emt 0:00:12][%mdl 4096] Endgame. KRB-KRN} 28. Ke2 Bg2 {[%emt 0:00:09] Black is more active.} 29. Kd2 Ke6 30. g4 g6 31. Re3 Rh8 32. d4 (32. Rg3 $17) 32... Rd8 $1 $19 33. d5+ Kd6 $1 34. g5 f5 {[%emt 0:00:10] ...e4 is the strong threat.} (34... fxg5 35. Nxh3 Bxh3 36. Rxh3 $17) 35. Nd3 Re8 36. Nf4 (36. Ke1 $17 {is a better defense.}) 36... Be4 37. Ne2 Bg2 38. Nf4 {[%emt 0:00:02] [#]} Rg8 $1 39. Nd3 {[%emt 0:00:05] [#]} e4 40. Nf4 Ke5 41. Ne6 (41. Nd3+ Kd4 42. Nf4) 41... f4 42. Rb3 Bf1 43. Nxc7 e3+ 44. Ke1 Bxc4 45. Rb4 b5 ({Weaker is} 45... Bxd5 46. Rb5 Ke4 (46... Rd8 47. c4 $11) 47. Rb4+ Ke5 48. Rb5 $11) 46. Nxb5 Bxd5 (46... Ra8 $142 47. Rxc4 f3 48. Nc3 Ra1+ 49. Nd1 e2 (49... Kxd5 $2 50. Rc8 $19) 50. Kd2 exd1=Q+ (50... exd1=R+ $2 51. Ke3 $19) 51. Kc3 Kxd5 (51... f2 {leads to mate.} 52. Kb4 Rb1+ 53. Ka3 f1=Q 54. Rb4 Qa6+ 55. Ra4 Qc1+ 56. Ka2 Qxa4#) 52. Kb4 Rb1+ 53. Ka3 Kxc4 54. Ka2 Qxc2+ 55. Ka3 Qb3#) 47. Nc3 Bc6 {[%emt 0:00:06] And now ...Rd8 would win.} 48. Rc4 Bf3 49. Rc7 Ra8 {[%emt 0:00:04] Weighted Error Value: White=0.70/Black=0.38.  Mistake:       	White=6     	Black=1      Inaccurate:     	White=3     	Black=1      OK:         	White=11    	Black=17     Best:        	White=3     	Black=3} 0-1